 Dungeon Crawl Stone Soup version 0.21.1-1-g345015f (webtiles) character file.

190 shakethe the Chopper (level 5, -1/30 HPs)
             Began as a Gargoyle Gladiator on Feb 10, 2018.
             Slain by an orc wizard
             ... wielding a +2 dagger of holy wrath
              (2 damage)
             ... on level 3 of the Dungeon.
             The game lasted 00:04:31 (2595 turns).

shakethe the Chopper (Gargoyle Gladiator)           Turns: 2595, Time: 00:04:31

Health: -1/30      AC:  8    Str: 17    XL:     5   Next: 69%
Magic:  5/5        EV: 12    Int: 12    God:
Gold:   152        SH:  0    Dex: 12    Spells: 4/4 levels left

rFire    . . .     SeeInvis .   a - +0 war axe
rCold    . . .     Gourm    .   (no shield)
rNeg     + . .     Faith    .   b - +0 leather armour
rPois    ∞         Spirit   .   k - +1 hat {Int+3}
rElec    +         Reflect  .   (no cloak)
rCorr    .         Harm     .   (no gloves)
MR       .....                  (no boots)
Stlth    +.........             h - amulet of inaccuracy (curse)
HPRegen  0.10/turn              (no ring)
MPRegen  0.09/turn              (no ring)

@: no status effects
A: negative energy resistance 1, electricity resistance, unbreathing,
petrification resistance, rot immunity, AC +4
a: no special abilities


You were on level 3 of the Dungeon.
You were not hungry.

You visited 1 branch of the dungeon, and saw 3 of its levels.

You collected 152 gold pieces.

Inventory:

Hand Weapons
 a - a +0 war axe (weapon)
Missiles
 d - 3 throwing nets {=f, !d}
Armour
 b - a +0 leather armour (worn)
 c - a +0 helmet
 k - a +1 hat of intelligence (worn)
   (You found it on level 1 of the Dungeon)
Jewellery
 h - a cursed amulet of inaccuracy (around neck)
   (You found it on level 1 of the Dungeon)
 i - an uncursed amulet of guardian spirit {Spirit}
   (You found it on level 1 of the Dungeon)
 o - an uncursed amulet of guardian spirit {Spirit}
   (You found it on level 2 of the Dungeon)
Scrolls
 e - 4 scrolls of identify
 m - a scroll of enchant armour
 q - a scroll of fog
 t - a scroll of enchant weapon {unknown}
Potions
 g - a potion of haste {unknown}
 j - 2 potions of flight {unknown}
 l - a potion of resistance {unknown}
 n - a potion of mutation {unknown}
 r - a potion of lignification {unknown}
Books
 p - a book of the Tempests
   (You found it on level 2 of the Dungeon)
Comestibles
 f - 3 rations
 s - 6 chunks of flesh {@w0}


   Skills:
 - Level 2.1 Fighting
 + Level 5.2 Axes
 - Level 1.7 Throwing
 + Level 2.1 Armour
 - Level 2.4 Dodging
 + Level 0.2 Stealth


You had 4 spell levels left.
You didn't know any spells.

Dungeon Overview and Level Annotations

Branches:
Dungeon (3/15)

Altars:


Innate Abilities, Weirdness & Mutations

You are resistant to torment.
Your stone body is resilient. (AC +4)
You are immune to poison.
You resist negative energy. (rN+)
You are resistant to electric shocks. (rElec)
You can survive without breathing.
You are immune to petrification.
You are immune to rotting.


Message History

No target in view!
No target in view!
No target in view!
No target in view!
There is an escape hatch in the floor here.
t - a scroll labeled GORUSEE NO KESM No target in view!
No target in view!
No target in view!
No target in view!
No target in view!
No target in view!
No target in view!
No target in view!
Found a stone staircase leading down.
No target in view!
No target in view!
No target in view!
No target in view!
No target in view!
No target in view!
No target in view!
An orc comes into view. It is wielding a dagger.
You see here a scroll of identify.
Health restored: 30 A frilled lizard comes into view.
The frilled lizard hisses angrily.
The orc shouts!
The frilled lizard moves out of view.
An orc wizard comes into view. It is wielding a dagger of holy wrath.
The orc wizard shouts!
You hear a shout!
The orc closely misses you.
You miss the orc. The orc misses you.
The orc wizard mumbles some strange words.
The orc wizard flickers and vanishes!
Deactivating autopickup; reactivate with Ctrl-A.
The orc closely misses you.
You miss the frilled lizard. You miss the orc. The frilled lizard bites you.
The orc barely misses you.
An orc comes into view. It is wielding a short sword.
You completely miss the frilled lizard. You barely miss the orc.
The frilled lizard completely misses you.
The orc hits you with a dagger.
You slash the frilled lizard!
You kill the frilled lizard!
You hit the orc. The orc hits you but does no damage.
You take 2 damage, and have 28/30 hp.
You barely miss the orc. You miss something.
The orc hits you but does no damage.
You hear some strange, mumbled words.
A puff of flame appears from out of thin air!
The puff of flame hits you! The orc hits you but does no damage.
You take 9 damage, and have 19/30 hp.
MASSIVE DAMAGE!!
You miss something. Something hits you but does no damage.
The orc throws a stone.
The stone closely misses you.
You slash the orc!
You kill the orc!
The orc throws a stone.
The stone hits you but does no damage.
The orc throws a stone.
The stone hits you but does no damage.
You closely miss something.
You hear some strange, mumbled words.
Something tries to affect you, but you resist.
You completely miss something.
You hear some strange, mumbled words.
A puff of flame appears from out of thin air!
The puff of flame hits you!
The orc throws a stone.
You take 3 damage, and have 17/30 hp.
You barely miss something. Something hits you.
The orc throws a stone.
The stone hits you but does no damage. Something hits you but does no damage.
You take 2 damage, and have 15/30 hp.
You closely miss something.
You hear some strange, mumbled words.
A puff of flame appears from out of thin air!
The puff of flame hits you!
* * * LOW HITPOINT WARNING * * *
You take 9 damage, and have 6/30 hp.
MASSIVE DAMAGE!!
You barely miss something. Something hits you but does no damage.
The orc throws a stone.
The stone barely misses you.
You miss something.
You hear some strange, mumbled words.
A puff of flame appears from out of thin air!
The puff of flame hits you!
* * * LOW HITPOINT WARNING * * *
The orc throws a stone.
The stone misses you.
You miss something. Something hits you but does no damage.
The orc throws a stone.
You take 5 damage, and have 1/30 hp.
You closely miss something. Something hits you but does no damage.
The orc throws a stone.
Something barely misses you.
You closely miss something.
The orc throws a stone.
Something hits you but does no damage.
You closely miss something.
An orc wizard appears from thin air!
Reactivating autopickup.
The orc wizard misses you.
You miss the orc wizard.
The orc wizard hits you with a dagger of holy wrath.
* * * LOW HITPOINT WARNING * * *
The orc wizard hits you with a dagger of holy wrath.
You die...

...## #######
....## #.....#
.....# #.....#
.....# #.....#
.....# #.....#
....#
#.>...#####...#
###.##(.?@oo.#
#.##.#####.#
#.......# .#
##.#.##.# .#
#.#.##.##..
#.####..........
........###.###.
#.####..........
####.##.###


You could see an orc wizard and an orc.

Vanquished Creatures
  Natasha (thrice) (D:2)
  Robin (D:3)
  3 adders (D:2)
  An ooze (D:2)
  4 dart slugs
  A leopard gecko (D:2)
  An orc (D:3)
  15 goblins
  8 hobgoblins
  2 jackals (D:2)
  6 kobolds
  A quokka (D:2)
  4 ball pythons
  8 bats
  4 frilled lizards
  4 rats
66 creatures vanquished.

Notes
Turn   | Place    | Note
-------+----------+-------------------------------------------
     0 | D:1      | shakethe the Gargoyle Gladiator began the quest for the Orb.
     0 | D:1      | Reached XP level 1. HP: 12/12 MP: 1/1
   105 | D:1      | Reached skill level 3 in Axes
   155 | D:1      | Reached XP level 2. HP: 14/17 MP: 2/2
   679 | D:2      | Reached XP level 3. HP: 13/21 MP: 3/3
   865 | D:2      | Reached skill level 1 in Armour
   872 | D:2      | Reached skill level 4 in Axes
   905 | D:2      | Reached XP level 4. HP: 11/26 MP: 4/4
  1353 | D:2      | Noticed Natasha
  1362 | D:2      | Killed Natasha
  1710 | D:2      | Noticed Natasha
  1719 | D:2      | HP: 2/26 [Natasha (6)]
  1720 | D:2      | Killed Natasha
  1720 | D:2      | Reached XP level 5. HP: 2/30 MP: 5/5
  2069 | D:2      | Noticed Natasha
  2080 | D:2      | HP: 5/30 [Natasha (4)]
  2082 | D:2      | Killed Natasha
  2082 | D:2      | Reached skill level 5 in Axes
  2409 | D:3      | Noticed Robin
  2424 | D:3      | Reached skill level 2 in Armour
  2434 | D:3      | Killed Robin
  2588 | D:3      | HP: 6/30 [something/puff of flame (9)]
  2590 | D:3      | HP: 1/30 [something/puff of flame (5)]
  2595 | D:3      | HP: 1/30 [orc wizard/dagger of holy wrath (1)]
  2595 | D:3      | Slain by an orc wizard

Skill      XL: |  1  2  3  4  5 |
---------------+----------------+-----
Axes           | 3 4 5 |  5.2
Armour         | 1 2 |  2.1
Fighting       | |  2.1
Throwing       | |  1.7
Dodging        | |  2.4
Stealth        | |  0.2

Action                   |  1- 3 |  4- 6 || total
-------------------------+-------+-------++-------
Melee: War axe           |    90 |   129 ||   219
  Use: Scroll            |       |     3 ||     3
  Eat: Chunk             |       |     2 ||     2
       Ration            |       |     1 ||     1
Armor: Leather armour    |    50 |    51 ||   101
Dodge: Dodged            |    78 |   106 ||   184

Vault maps used:
D:1:      saegor_arrival_miasma
D:2:      serial_bayou, serial_bayou_ford_a, serial_bayou_shore_b,
          serial_bayou_pond_c, serial_bayou_pond_e, serial_bayou_pond_c,
          serial_bayou_crossing, minmay_tripent, uniq_natasha
D:3:      first_ration, kennysheep_generic_room_8, uniq_robin

Table legend:
 A = Turns spent in this place as a percentage of turns spent in the entire game.
 B = Non-inter-level travel turns spent in this place as a percentage of non-inter-level travel turns spent in the entire game.
 C = Inter-level travel turns spent in this place as a percentage of turns spent in this place.
 D = Turns resting spent in this place as a percentage of non-inter-level travel turns spent in this place.
 E = Turns spent auto-exploring this place as a percentage of non-inter-level travel turns spent in this place.
 F = Non-inter-level travel turns spent in this place divided by the number of levels of this place that you've seen.
                   A       B       C       D       E      F
               +-------+-------+-------+-------+-------+----------------------
         Total | 100.0 | 100.0 |   0.0 |  29.1 |  48.8 | 865.0
       Dungeon | 100.0 | 100.0 |   0.0 |  29.1 |  48.8 | 865.0
               +-------+-------+-------+-------+-------+----------------------

Table legend:
 A = Kills in this place as a percentage of kills in entire the game.
 B = Kills by you in this place as a percentage of kills by you in the entire game.
 C = Kills by friends in this place as a percentage of kills by friends in the entire game.
 D = Other kills in this place as a percentage of other kills in the entire game.
 E = Experience gained in this place as a percentage of experience gained in the entire game.
 F = Experience gained in this place divided by the number of levels of this place that you have seen.
                   A       B       C       D       E      F
               +-------+-------+-------+-------+-------+----------------------
         Total | 100.0 | 100.0 |   N/A |   N/A | 100.0 |  90.7
       Dungeon | 100.0 | 100.0 |   N/A |   N/A | 100.0 |  90.7
               +-------+-------+-------+-------+-------+----------------------
